 Dungeon Crawl Stone Soup version 0.29-a0-11-ga75d3d97ab (webtiles) character file.

Game seed: 14781265349031133758

0 Parzival711 the Conjurer (level 1, -1/7 HPs)
             Began as a Felid Conjurer on Jan 28, 2022.
             Killed from afar by a dart slug (2 damage)
             ... with a slug dart
             ... on level 1 of the Dungeon.
             The game lasted 00:00:25 (226 turns).

Parzival711 the Conjurer (Felid Conjurer)            Turns: 226, Time: 00:00:26

Health: -1/7       AC:  1    Str:  1 (3)  XL:     1   Next: 8%
Magic:  4/4        EV: 16    Int: 16 (19) God:
Gold:   40         SH:  0    Dex: 11 (14) Spells: 3/4 levels left
                                        Lives:  0   Deaths: 0

rFire   . . .      SeeInvis +   (weapon unavailable)
rCold   . . .      Faith    .   (shield unavailable)
rNeg    . . .      Spirit   .   (armour unavailable)
rPois   .          Reflect  .   (helmet unavailable)
rElec   .          Harm     .   (cloak unavailable)
rCorr   .          Rampage  .   (gloves unavailable)
Will    .....                   (boots unavailable)
Stlth   ++........              (no amulet)
HPRegen 0.02/turn               (no ring)
MPRegen 0.09/turn               (no ring)

@: quick
A: very small, claws 1, fangs 3, see invisible, speed 1, shaggy fur 1, stealthy
paws, no weapons or thrown items, no armour, multi-lived
a: no special abilities


You were on level 1 of the Dungeon.
You visited 1 branch of the dungeon, and saw 1 of its levels.

You collected 40 gold pieces.

Inventory:

Potions
 a - a potion of resistance {unknown}


   Skills:
 + Level 2.6 Dodging
 + Level 2.6 Stealth
 + Level 2.0 Spellcasting
 + Level 3.6 Conjurations


You had 3 spell levels left.
You knew the following spells:

 Your Spells              Type           Power      Damage    Failure   Level
a - Magic Dart            Conj           52%        1d5       4%          1

Your spell library contained the following spells:

 Spells                   Type           Power      Damage    Failure   Level
 Searing Ray              Conj           26%        2d5       7%          2
 Dazzling Flash           Conj/Hex       14%        N/A       30%         3
 Fulminant Prism          Conj/Hex       3%         3d6       69%         4
 Iskenderun's Mystic Bla  Conj/Tloc      7%         2d4       69%         4


Dungeon Overview and Level Annotations

Branches:
Dungeon (1/15)

Altars:


Innate Abilities, Weirdness & Mutations

You have sharp claws.
You have razor-sharp teeth.
You have supernaturally acute eyesight. (SInv)
You cover ground quickly. (Speed+)
You are covered in fur. (AC +1)
Your paws help you pounce on unaware monsters.
You are incapable of wielding weapons or throwing items.
You cannot wear armour.
You gain extra lives every three experience levels.


Message History

The slug dart misses you.
You barely miss the dart slug.
You scratch the dart slug but do no damage.
The dart slug closely misses you.
You scratch the dart slug.
The dart slug is moderately wounded.
The dart slug closely misses you.
You scratch the dart slug but do no damage.
The dart slug is moderately wounded.
The dart slug bites you.
You scratch the dart slug but do no damage.
The dart slug is moderately wounded.
The giant cockroach closely misses you.
You scratch the dart slug but do no damage.
The dart slug is moderately wounded.
The dart slug launches a dart at you. The slug dart hits you.
Ouch! That really hurt!
* * * LOW HITPOINT WARNING * * *
The giant cockroach bites you.
* * * LOW HITPOINT WARNING * * *
You scratch the dart slug.
The dart slug is heavily wounded.
The giant cockroach completely misses you.
The dart slug misses you.
You scratch the dart slug.
You bite the dart slug, but do no damage.
The dart slug is severely wounded.
The giant cockroach misses you.
You barely miss the dart slug.
You bite the dart slug, but do no damage.
The dart slug is severely wounded.
The giant cockroach closely misses you. The dart slug misses you.
The giant cockroach closely misses you.
You scratch the dart slug.
The dart slug is almost dead.
The giant cockroach barely misses you. The dart slug launches a dart at you.
The slug dart hits you.
You die...

### ..# .##### #.#
......##.# .....#.#
###########
.####..#.#####..........
.......B@........#
.###...#w#####.#.########
#...#..# #.#........#
.....#.#.# #.########.#
####+#.###.##.##.....#.#
# #.#.##.###.#.# ##.##.#
#.#.. ...#.# #.#.≈ #.#
#.#.≈


You could see a dart slug and a giant cockroach.

Vanquished Creatures
  A bat (D:1)
1 creature vanquished.

Notes
Turn   | Place    | Note
-------+----------+-------------------------------------------
     0 | D:1      | Parzival711 the Felid Conjurer began the quest for the Orb.
     0 | D:1      | Reached XP level 1. HP: 7/7 MP: 4/4
   226 | D:1      | Killed from afar by a dart slug

Illustrated notes

Levels and vault maps discovered:
D:1:      dpeg_arrival_tiny_i, layout_loops_ring,
          shapermc_ecumenical_altar_ellora, serial_bayou, serial_bayou_lake_a,
          serial_bayou_shore_a, serial_bayou_pond_c, serial_bayou_pond_e,
          serial_bayou_pond_a, serial_bayou_pond_c

Action                   || total
-------------------------++-------
Melee: Unarmed           ||    11
       Bite              ||     2
  Use: Potion            ||     1
 Stab: Sleeping          ||     1
Dodge: Dodged            ||    13

Table legend: (Time is in decaauts)
 A = Elapsed time spent in this place.
 B = Non-inter-level travel time spent in this place.
 C = Inter-level travel time spent in this place.
 D = Time resting spent in this place.
 E = Time spent auto-exploring this place.
 F = Levels seen in this place.
 G = Mean time per level.
                   A        B        C        D        E       F      G
               +--------+--------+--------+--------+--------+-----+--------+
         Total |    185 |    185 |      0 |      0 |    136 |   1 |  185.0 |
       Dungeon |    185 |    185 |      0 |      0 |    136 |   1 |  185.0 |
               +--------+--------+--------+--------+--------+-----+--------+

Top non-repeatable levels by time:
     D:1: 185 daAuts
